Map: Simulacrum LE

Players

Fred - Winner!

  • Race: Protoss Protoss
  • League: Gold
  • Spawn Location: 11:00

Massa

  • Race: Terran Terran
  • League: Gold
  • Spawn Location: 5:00

VOD

Have the link to the VOD?

Description

Time

  • Played on: May 14, 2020, 5:32 p.m.
  • Length: 5:48
Show
View Real Time Build Order
Export as new Build Order

Fred Protoss - Winner!

Build Orders: Dark Templar Rush 

Get SALT Encoding   

  12  0:01  Probe (Chrono Boost)  
  13  0:10  Probe (Chrono Boost)  
  14  0:15  Probe (Chrono Boost)  
  15  0:25  Pylon  
  15  0:31  Assimilator  
  15  0:43  Probe  
  15  0:45  Gateway  
  15  0:49  Assimilator  
  16  0:55  Probe (Chrono Boost)  
  17  1:08  Probe (Chrono Boost)  
  18  1:14  Probe (Chrono Boost)  
  19  1:22  Probe  
  20  1:33  Cybernetics Core  
  20  1:34  Probe  
  21  1:40  Pylon  
  21  1:46  Probe  
  22  1:58  Probe  
  23  2:08  Warp Gate (Chrono Boost)  
  23  2:09  Stalker  
  23  2:10  Probe  
  26  2:21  Twilight Council  
  26  2:27  Robotics Facility  
  26  2:32  Gateway  
  26  2:46  Gateway  
  26  2:58  Dark Shrine  
  26  3:03  Gateway  
  26  3:13  Warp Prism (Chrono Boost)  
  28  3:23  Pylon  
  28  3:30  Pylon  
  28  3:36  Pylon  
  28  3:42  Observer  
  28  3:44  Pylon  
  29  4:10  Dark Templar  
  29  4:11  Dark Templar x2  
  29  4:15  Dark Templar  
  33  4:53  Dark Templar  
  33  4:55  Zealot x2  
  33  5:11  Warp Prism  
  35  5:47  Dark Templar  
  35  5:48  Stalker x3  
Show
View Real Time Build Order
Export as new Build Order

Massa Terran 

Build Orders:  

Get SALT Encoding   

  12  0:09  Supply Depot  
  12  0:13  SCV  
  13  0:25  SCV  
  14  0:34  Barracks  
  14  0:37  SCV  
  15  0:48  Supply Depot  
  15  0:49  SCV  
  16  1:01  SCV  
  17  1:07  Barracks  
  17  1:13  SCV  
  17  1:18  Refinery  
  18  1:25  SCV, Marine  
  20  1:41  Refinery, SCV  
  20  1:42  Marine  
  22  1:53  SCV  
  23  1:55  Marine  
  23  2:00  Marine  
  25  2:01  Engineering Bay  
  25  2:05  SCV  
  26  2:13  Marine  
  27  2:17  SCV  
  27  2:19  Factory  
  28  2:23  Marine  
  29  2:31  Marine  
  29  2:35  Orbital Command  
  30  2:42  Marine  
  31  2:50  Supply Depot  
  31  2:56  Terran Infantry Weapons Level 1  
  31  3:06  Factory Tech Lab  
  31  3:09  Supply Depot  
  31  3:12  Marine  
  32  3:16  Marine  
  33  3:29  Marine  
  34  3:43  SCV  
  34  3:45  Command Center  
  35  3:55  SCV  
  36  4:02  Siege Tank  
  39  4:04  Marine x2  
  41  4:21  Marine  
  41  4:22  Marine  
  26  4:44  Marine  
  26  4:45  Marine  
  23  5:02  Marine  
  12  5:15  SCV  
  12  5:17  Orbital Command  
  12  5:20  Marine  
  14  5:27  SCV  
Tags
 
League
GoldGold
Matchup
PvT
Replay Pack
Multiplayer
Spawn Locations
Cross Positions
Add a new tag
Caveats
  • Supply blocks, unpowered buildings, or Contaminate may cause inaccurate times.
  • Supply counts are checked every 10 seconds.